 Dungeon Crawl Stone Soup version 0.28-a0-533-g9f97627e2a (webtiles) character file.

Game seed: 16212379638597414310

447 timneilson the Covered (level 7, -7/43 HPs)
             Began as a Gargoyle Fighter on Sept 26, 2021.
             Mangled by an ogre (9 damage)
             ... on level 4 of the Dungeon.
             The game lasted 00:08:22 (4229 turns).

timneilson the Covered (Gargoyle Fighter)           Turns: 4229, Time: 00:08:23

Health: -7/43      AC: 14    Str: 22    XL:     7   Next: 3%
Magic:  7/7        EV: 10    Int:  8    God:
Gold:   215        SH:  4    Dex:  9    Spells: 6/6 levels left

rFire   . . .      SeeInvis .   a - +1 long sword
rCold   . . .      Faith    .   c - +0 buckler
rNeg    + . .      Spirit   .   b - +0 scale mail
rPois   ∞          Reflect  .   (no helmet)
rElec   +          Harm     .   (no cloak)
rCorr   .          Rampage  .   (no gloves)
Will    .....                   f - +1 pair of boots
Stlth   ..........              (no amulet)
HPRegen 0.14/turn               (no ring)
MPRegen 0.10/turn               (no ring)

@: no status effects
A: sickness immunity, AC +4, negative energy resistance 1, electricity
resistance, torment resistance 1, petrification resistance
a: no special abilities


You were on level 4 of the Dungeon.
You visited 1 branch of the dungeon, and saw 4 of its levels.
You also visited: Sewer.

You collected 215 gold pieces.

Inventory:

Hand Weapons
 a - a +1 long sword (weapon)
Armour
 b - a +0 scale mail (worn)
 c - a +0 buckler (worn)
 f - a +1 pair of boots (worn)
 k - a +0 plate armour
Scrolls
 e - 7 scrolls of teleportation
 j - 4 scrolls of enchant weapon
Potions
 d - a potion of might
 g - a potion of resistance
 h - 2 potions of lignification
 i - 4 potions of flight
 l - a potion of brilliance {unknown}


   Skills:
 + Level 4.1 Fighting
 * Level 3.6 Long Blades
 * Level 5.2 Armour
 + Level 1.7 Dodging
 * Level 4.9 Shields


You had 6 spell levels left.
You didn't know any spells.
Your spell library contained the following spells:

 Spells                   Type           Power      Damage    Failure   Level
 Animate Skeleton         Necr           0%         N/A       71%         1
 Pain                     Necr           0%         1d4       71%         1
 Vampiric Draining        Necr           0%         2d6       97%         3


Dungeon Overview and Level Annotations

Branches:
Dungeon (4/15)              Sewer (visited)
 Temple: D:4-7

Altars:
Gozag
The Shining One


Innate Abilities, Weirdness & Mutations

You are immune to sickness and miasma.
Your stone body is resilient. (AC +4)
You are immune to poison.
You resist negative energy. (rN+)
You are resistant to electric shocks. (rElec)
You are resistant to unholy torment.
You are immune to petrification.


Message History

No target in view!
No target in view!
No target in view!
No target in view!
You now have 187 gold pieces (gained 10).
You now have 204 gold pieces (gained 17).
You now have 215 gold pieces (gained 11).
An ogre comes into view. It is wielding a +0 giant club.
Found 19 gold pieces.
Found an opulent altar of Gozag.
The ogre hits you with a +0 giant club!
You barely miss the ogre. The ogre closely misses you.
You hit the ogre.
The ogre is lightly wounded.
The ogre hits you with a +0 giant club!
You barely miss the ogre.
The ogre is lightly wounded.
The ogre hits you with a +0 giant club.
You slash the ogre!
The ogre is moderately wounded.
The ogre closely misses you.
You hit the ogre.
The ogre is heavily wounded.
The ogre hits you with a +0 giant club.
You slash the ogre!
The ogre is severely wounded.
The ogre hits you with a +0 giant club!
* * * LOW HITPOINT WARNING * * *
You completely miss the ogre.
The ogre is severely wounded.
The ogre barely misses you.
Unknown command.
You hit the ogre.
The ogre is severely wounded.
You hit the ogre but do no damage.
The ogre is severely wounded.
The ogre closely misses you.
You hit the ogre.
The ogre is almost dead.
The ogre hits you with a +0 giant club!
You die...

#...........##
#.####.....#########
.. ....###..#......#
#.. #####
##........# ..
###......# #
####..### #....##
.#####.####
_.......@..#
........O..#
.$.........#
...........#
$.########## .


You could see an ogre.

Vanquished Creatures
  An orc priest (D:3)
  An iguana (D:4)
  Natasha (thrice) (D:2)
  A merfolk siren (Sewer)
  A merfolk avatar (Sewer)
  10 adders
  3 river rats (Sewer)
  2 worms
  5 orcs (D:3)
  14 ball pythons
  7 bats
  8 endoplasms
  8 giant cockroaches
  10 goblins
  10 hobgoblins
  8 jackals
  11 quokkas
  8 frilled lizards
  9 kobolds
  26 rats
146 creatures vanquished.

Vanquished Creatures (others)
  A plant (D:2)
1 creature vanquished.

Grand Total: 147 creatures vanquished

Notes
Turn   | Place    | Note
-------+----------+-------------------------------------------
     0 | D:1      | timneilson the Gargoyle Fighter began the quest for the
                  | Orb.
     0 | D:1      | Reached XP level 1. HP: 14/14 MP: 1/1
    87 | D:1      | Reached XP level 2. HP: 17/19 MP: 2/2
   755 | D:1      | Reached XP level 3. HP: 23/23 MP: 3/3
  1042 | D:2      | Found an opulent altar of Gozag.
  1350 | D:2      | Reached skill level 4 in Armour
  1350 | D:2      | Reached XP level 4. HP: 28/28 MP: 4/4
  1517 | D:2      | Found a faded altar of an unknown god.
  1528 | D:2      | Noticed Natasha
  1539 | D:2      | Killed Natasha
  1930 | D:2      | Noticed Natasha
  1936 | D:2      | Killed Natasha
  1937 | D:2      | Reached XP level 5. HP: 17/33 MP: 5/5
  2183 | D:2      | Noticed Natasha
  2197 | D:2      | Killed Natasha
  2198 | D:2      | Reached skill level 1 in Dodging
  2365 | D:3      | Found a glowing golden altar of the Shining One.
  2494 | D:3      | Found a glowing drain.
  2520 | Sewer    | Entered a sewer
  2585 | Sewer    | Reached XP level 6. HP: 37/38 MP: 6/6
  2846 | Sewer    | Reached skill level 5 in Armour
  4077 | D:4      | Reached XP level 7. HP: 34/43 MP: 7/7
  4218 | D:4      | Found an opulent altar of Gozag.
  4225 | D:4      | HP: 1/43 [ogre (12)]
  4229 | D:4      | Mangled by an ogre

Illustrated notes

Levels and vault maps discovered:
D:1:      scummos_arrival_hexagon, layout_basic
D:2:      kennysheep_six_static_rooms, layout_basic,
          shapermc_ecumenical_altar_petra, basic_altar, uniq_natasha
D:3:      wander_river, layout_loops_corners, nicolae_tso_swordbearing_angel,
          gup_sewer_entry_pipe, minmay_misc_feat_iff, kennysheep_potato
D:4:      layout_rooms, grunt_temple_overflow_open

Skill      XL: |  1  2  3  4  5  6 |
---------------+-------------------+-----
Long Blades    | 2 3 |  3.6
Armour         | 4 5 |  5.2
Shields        | 4 |  4.9
Dodging        | 1 |  1.7
Fighting       | 4 |  4.1

Action                   |  1- 3 |  4- 6 |  7- 9 || total
-------------------------+-------+-------+-------++-------
Melee: Long sword        |   105 |   385 |    31 ||   521
  Use: Scroll            |     1 |     4 |       ||     5
       Potion            |       |     5 |       ||     5
Armor: Scale mail        |    50 |   319 |     9 ||   378
Dodge: Dodged            |    54 |   292 |     8 ||   354
Block: Buckler           |    27 |   130 |     5 ||   162

Table legend: (Time is in decaauts)
 A = Elapsed time spent in this place.
 B = Non-inter-level travel time spent in this place.
 C = Inter-level travel time spent in this place.
 D = Time resting spent in this place.
 E = Time spent auto-exploring this place.
 F = Levels seen in this place.
 G = Mean time per level.
                   A        B        C        D        E       F      G
               +--------+--------+--------+--------+--------+-----+--------+
         Total |   4453 |   4418 |     35 |    376 |   2700 |   5 |  890.6 |
       Dungeon |   3866 |   3831 |     35 |    376 |   2463 |   4 |  966.5 |
         Sewer |    586 |    586 |      0 |      0 |    236 |   1 |  586.0 |
               +--------+--------+--------+--------+--------+-----+--------+

Top non-repeatable levels by time:
     D:3: 1409 daAuts
     D:2: 1245 daAuts
     D:1: 1027 daAuts
   Sewer: 586 daAuts
     D:4: 183 daAuts
